AoeStats
← [La14]Uvita

Nomad

509771274Analyzed
4v4 RM · 5d ago on Sep 28, 2026· 36m 20s· 8 players
Game mode
Random Map
Map size
231×231
Population
200
Speed
Normal
Resources
Standard
Victory
Conquest
Starting age
Dark Age
Ending age
Imperial Age
RankedLock teamsTeams togetherTeam positionsShared explorationLock speedFull tech treeHidden civsTurbo modeCheats
Victory
Defeat
🇵🇪 Vikings · Peru
1122
+11
🇲🇽 Mongols · Mexico
1092
+12
🇨🇱 Vietnamese · Chile
1062
+13
🇵🇪 Italians · Peru
1027
+14
🇨🇱 Sicilians · Chile
1103
-16
🇦🇷 Lithuanians · Argentina
1070
-15
🇦🇷 Khmer · Argentina
952
-11
🇦🇷 Ethiopians · Argentina
866
-8
DesTajador
4:56 Loom
17:57 Feudal Age
20:12 Fishing Lines
23:05 Castle Age
21:46 Double-Bit Axe
21:47 Horse Collar
22:00 Gold Mining
22:02 Stone Mining
22:30 Fletching
22:41 Padded Archer Armor
24:43 Stone Shaft Mining
24:36 Medium Warships
25:04 Wheelbarrow
24:54 Gillnets
33:53 Imperial Age
35:54 Heavy Warships
36:55 Bodkin Arrow
El Seb
3:44 Loom
15:11 Feudal Age
20:21 Castle Age
18:30 Fishing Lines
20:12 Wheelbarrow
19:19 Horse Collar
20:46 Gold Mining
20:43 Double-Bit Axe
22:05 Scale Barding Armor
23:06 Stone Mining
25:25 Hand Cart
25:52 Forging
26:40 Stone Shaft Mining
27:10 Ballistics
26:47 Murder Holes
26:50 Gillnets
28:18 Bloodlines
28:08 Husbandry
28:03 Fletching
27:53 Elite Skirmisher
28:40 Padded Archer Armor
28:24 Treadmill Crane
30:41 Town Watch
31:23 Pikeman
32:04 Squires
32:40 Chain Barding Armor
33:49 Bodkin Arrow
34:10 Leather Archer Armor
34:39 Iron Casting
34:00 Arson
33:50 Crossbowman
Eyaculador de Poemas
11:29 Loom
13:49 Feudal Age
18:54 Castle Age
17:03 Double-Bit Axe
17:25 Gold Mining
18:13 Stone Mining
18:35 Fletching
18:46 Padded Archer Armor
20:10 Bodkin Arrow
23:04 Leather Archer Armor
25:47 Ballistics
33:35 Treadmill Crane
34:16 Murder Holes
37:16 Imperial Age
[BK] Ayala_27
3:48 Loom
13:51 Feudal Age
18:27 Castle Age
17:00 Double-Bit Axe
17:07 Gold Mining
18:29 Wheelbarrow
18:08 Fishing Lines
19:45 Bow Saw
19:33 Town Watch
20:42 Gillnets
20:53 Fletching
29:21 Gold Shaft Mining
29:43 Hand Cart
35:06 Imperial Age
33:05 Stone Mining
33:25 Town Patrol
33:29 Padded Archer Armor
33:28 Bodkin Arrow
34:14 Ballistics
36:19 Drill
36:20 Conscription
36:48 Hoardings
37:25 Stone Shaft Mining
[La14]Uvita
9:26 Loom
16:53 Feudal Age
19:17 Horse Collar
19:25 Double-Bit Axe
19:50 Town Watch
20:52 Gold Mining
21:55 Wheelbarrow
22:55 Forging
27:26 Castle Age
27:03 Scale Barding Armor
29:04 Bloodlines
32:50 Stone Mining
35:17 Fletching
36:08 Elite Skirmisher
Hirsch
10:44 Loom
15:07 Feudal Age
17:30 Double-Bit Axe
18:34 Fletching
19:44 Town Watch
20:18 Horse Collar
22:20 Padded Archer Armor
30:35 Castle Age
31:18 Wheelbarrow
31:40 Gold Mining
31:53 Bodkin Arrow
32:15 Thumb Ring
32:23 Crossbowman
33:37 Leather Archer Armor
33:55 Squires
34:16 Elite Skirmisher
36:49 Hand Cart
Dzigbode
5:14 Loom
7:34 Loom
14:37 Feudal Age
15:21 Town Watch
15:34 Double-Bit Axe
18:42 Fishing Lines
18:46 Horse Collar
24:05 Castle Age
22:40 Stone Mining
23:47 Wheelbarrow
28:49 Scale Barding Armor
29:23 Bow Saw
29:31 Forging
29:54 Gold Mining
30:44 Husbandry
31:07 Heavy Plow
31:33 Chain Barding Armor
31:40 Hand Cart
31:24 Fletching
31:41 Gillnets
32:53 Town Patrol
33:09 Bloodlines
33:40 Masonry
34:56 Gold Shaft Mining
35:41 Murder Holes
uRbanncL
6:28 Loom
15:10 Feudal Age
16:05 Town Watch
20:55 Castle Age
21:57 Padded Archer Armor
21:26 Demolition Ship
24:28 Medium Warships
28:47 Double-Bit Axe
38:31 Imperial Age
Connection lost

Rejoining the realm…

Still unreachable

The connection could not be restored.

Session expired

The server has moved on; the page needs a fresh start.